 Dungeon Crawl Stone Soup version 0.28.0-43-g3370ac3207 (webtiles) character file.

Game seed: 16606471721747232913

155 xzight the Skirmisher (level 5, -8/34 HPs)
             Began as a Gargoyle Fighter on Mar 7, 2022.
             Mangled by a yak (12 damage)
             ... on level 3 of the Dungeon.
             The game lasted 00:03:51 (2497 turns).

xzight the Skirmisher (Gargoyle Fighter)            Turns: 2497, Time: 00:03:53

Health: -8/34      AC: 14    Str: 19 (21) XL:     5   Next: 37%
Magic:  5/5        EV:  7    Int:  9      God:
Gold:   58         SH:  4    Dex:  9      Spells: 4/4 levels left

rFire   . . .      SeeInvis .   a - +0 war axe
rCold   . . .      Faith    .   c - +0 buckler
rNeg    + . .      Spirit   .   e - +0 chain mail
rPois   ∞          Reflect  .   g - +0 helmet
rElec   +          Harm     .   (no cloak)
rCorr   .          Rampage  .   (no gloves)
Will    .....                   (no boots)
Stlth   ..........              (no amulet)
HPRegen 0.11/turn               (no ring)
MPRegen 0.09/turn               (no ring)

@: no status effects
A: sickness immunity, AC +4, negative energy resistance 1, electricity
resistance, torment resistance 1, petrification resistance
a: no special abilities


You were on level 3 of the Dungeon.
You visited 1 branch of the dungeon, and saw 4 of its levels.

You collected 58 gold pieces.


Innate Abilities, Weirdness & Mutations

You are immune to sickness and miasma.
Your stone body is resilient. (AC +4)
You are immune to poison.
You resist negative energy. (rN+)
You are resistant to electric shocks. (rElec)
You are resistant to unholy torment.
You are immune to petrification.


   Skills:
 + Level 4.6 Fighting
 + Level 3.1 Axes
 + Level 4.5 Armour
 - Level 3.2 Shields


You had 4 spell levels left.
You didn't know any spells.
Your spell library contained the following spells:

 Spells                   Type           Power      Damage    Failure   Level
 Beastly Appendage        Tmut           0%         N/A       99%         1
 Wereblood                Tmut           0%         N/A       100%        2
 Gell's Gravitas          Tloc           0%         N/A       100%        3
 Lesser Beckoning         Tloc           0%         N/A       100%        3
 Spider Form              Tmut/Pois      0%         N/A       100%        3
 Teleport Other           Tloc           0%         N/A       100%        3

Inventory:

Hand Weapons
 a - a +0 war axe (weapon)
Armour
 c - a +0 buckler (worn)
 e - a +0 chain mail (worn)
 g - a +0 helmet (worn)
Jewellery
 F - a ring of fire
Potions
 d - a potion of might
 f - a potion of curing {@q1}
Miscellaneous
 b - a piece from Xom's chessboard (15/15)

Dungeon Overview and Level Annotations

Branches:
Dungeon (4/15)
 Temple: D:4-7

Altars:
Dithmenos
Makhleb
Xom

##..........#...........#
##..........#..#.##.########
#####.......#<...##.# #.†.######
# #.......#.#..##.# #...##....
#####.......#.#..##.####...#.....
............#.#..##....'...#.....
......###.#.#.#..#######...#.....
......# #.#.#..Y....# #...######
......# #.#.####@##.# ##'#......
......# #.#.....Y##.# #.#.#####
......# #.#.......#># #.#+#...#
......# #.#.#####.#.# #........
......# #.#.#.....#.# #......<.
......# #.#.#.#####.#####........
......# #.#......................
####### #.###.#####.######.......
#.# #.# #......+.......


You could see 2 yaks.


Message History

There is a stone staircase leading down here.
You climb downwards.
You hear the hiss of flowing sand.
There is an entrance to an ossuary on this level.
Hurry and find it before the portal is buried!
The yak bellows! x2
Found a plate armour.
Found a stone staircase leading up.
There is a stone staircase leading up here.
Unknown command.
An adder skeleton comes into view.
You climb upwards.
There is a stone staircase leading down here.
You hit the yak.
The yak is lightly wounded.
The yak gores you but does no damage. x2
You closely miss the yak.
The yak is lightly wounded.
The yak barely misses you.
You barely miss the yak. You block the yak's attack.
The yak completely misses you. The yak closely misses you.
You slash the yak!
The yak is lightly wounded.
You hit the yak. The yak gores you! The yak gores you but does no damage.
You barely miss the yak.
The yak is lightly wounded.
You closely miss the yak. The yak gores you!
* * * LOW HITPOINT WARNING * * *
The yak gores you!
* * * LOW HITPOINT WARNING * * *
The yak gores you but does no damage. The yak gores you!
You die...

Skill      XL: |  1  2  3  4 |
---------------+-------------+-----
Axes           | 2 3 |  3.1
Fighting       | 4 |  4.6
Armour         | 4 |  4.5
Shields        | |  3.2

Action                   |  1- 3 |  4- 6 || total
-------------------------+-------+-------++-------
Melee: War axe           |    73 |    50 ||   123
Evoke: Piece from Xom's  |     2 |       ||     2
  Use: Scroll            |     3 |     1 ||     4
       Potion            |     3 |       ||     3
Armor: Chain mail        |    36 |    43 ||    79
Dodge: Dodged            |    29 |    24 ||    53
Block: Buckler           |    10 |    14 ||    24

Levels and vault maps discovered:
D:1:      lightli_arrival_windingriver, layout_basic,
          minmay_misc_feat_nine_boxes
D:2:      layout_basic
D:3:      layout_basic, grunt_temple_overflow_open, xom_butterflies,
          hellmonk_ecumenical_altar_pennies_from_heaven, uniq_jessica
D:4:      layout_rooms, mainiacjoe_overflow_alcove_2,
          minmay_temple_entry_junction, enter_ossuary_2,
          nicolae_figureground_sparkle, uniq_menkaure

Notes
Turn   | Place    | Note
-------+----------+-------------------------------------------
     0 | D:1      | xzight the Gargoyle Fighter began the quest for the Orb.
     0 | D:1      | Reached XP level 1. HP: 14/14 MP: 1/1
   477 | D:1      | Reached skill level 2 in Axes
   505 | D:1      | Reached XP level 2. HP: 11/19 MP: 2/2
  1523 | D:3      | Found a shimmering altar of Xom.
  1572 | D:3      | Reached XP level 3. HP: 11/24 MP: 3/3
  1793 | D:3      | Noticed an ogre
  1803 | D:3      | Killed an ogre
  1804 | D:3      | Reached skill level 4 in Fighting
  1804 | D:3      | Reached skill level 4 in Armour
  1804 | D:3      | Reached XP level 4. HP: 25/30 MP: 4/4
  1985 | D:3      | Noticed Jessica
  1992 | D:3      | Killed Jessica
  1993 | D:3      | Reached skill level 3 in Axes
  1993 | D:3      | Reached XP level 5. HP: 34/34 MP: 5/5
  2176 | D:3      | Found a faded altar of an unknown god.
  2443 | D:3      | Found a shadowy altar of Dithmenos.
  2451 | D:3      | Found a burning altar of Makhleb.
  2486 | D:4      | Noticed a yak
  2486 | D:4      | Noticed a yak
  2486 | D:4      | Noticed a yak
  2486 | D:4      | Noticed a yak
  2486 | D:4      | Noticed a yak
  2486 | D:4      | Noticed a yak
  2497 | D:3      | Mangled by a yak

Vanquished Creatures
  An ogre (D:3)
  Jessica (D:3)
  An adder (D:3)
  A worm (D:3)
  A dart slug (D:3)
  6 bats
  2 endoplasms (D:1)
  2 hobgoblins (D:3)
  5 quokkas
  3 ball pythons
  3 frilled lizards
  5 kobolds
  4 rats
35 creatures vanquished.

Table legend: (Time is in decaauts)
 A = Elapsed time spent in this place.
 B = Non-inter-level travel time spent in this place.
 C = Inter-level travel time spent in this place.
 D = Time resting spent in this place.
 E = Time spent auto-exploring this place.
 F = Levels seen in this place.
 G = Mean time per level.
                   A        B        C        D        E       F      G
               +--------+--------+--------+--------+--------+-----+--------+
         Total |   2551 |   2423 |    128 |    629 |   1353 |   4 |  637.8 |
       Dungeon |   2551 |   2423 |    128 |    629 |   1353 |   4 |  637.8 |
               +--------+--------+--------+--------+--------+-----+--------+

Top non-repeatable levels by time:
     D:1: 1397 daAuts
     D:3: 1065 daAuts
     D:2: 85 daAuts
     D:4: 2 daAuts

Table legend:
 A = Non-vault XP
 B = Vault XP
 C = Vault XP percentage of total XP
 D = Non-vault monster count
 E = Vault monster count
 F = Vault count percentage of total count
                 A         B        C        D         E       F
            +---------+---------+-------+---------+---------+-------
      Total |     185 |      37 |  16.7 |      34 |       1 |   2.9
            +---------+---------+-------+---------+---------+-------
        D:1 |      23 |       0 |   0.0 |      17 |       0 |   0.0
        D:3 |     162 |      37 |  18.6 |      17 |       1 |   5.6
            +---------+---------+-------+---------+---------+-------
